 Dungeon Crawl Stone Soup version 0.31.0-9-g3a7656b989 (webtiles) character file.

Game seed: 10960350103954978663

149 qw the Shooter (level 5, -3/26 HPs)
             Began as a Spriggan Hunter on Feb 2, 2024.
             Slain by Pikel
             ... wielding a +0 whip of electrocution
              (8 damage)
             ... on level 4 of the Dungeon.
             The game lasted 00:00:07 (1888 turns).

qw the Shooter (Spriggan Hunter)                    Turns: 1888, Time: 00:00:08

Health: -3/26      AC:  3    Str:  7    XL:     5   Next: 9%
Magic:  6/6        EV: 20    Int: 11    God:
Gold:   180        SH:  0    Dex: 20    Spells: 4/4 levels left

rFire   . . .        a - +1 shortbow
rCold   . . .        (shield currently unavailable)
rNeg    . . .        c - +0 robe
rPois   .            (helmet restricted)
rElec   .            j - +0 cloak
rCorr   .            (gloves unavailable)
SInv    +            (boots unavailable)
Will    .....        (no amulet)
Stlth   ++           (no ring)
HPRegen 0.24/turn    (no ring)
MPRegen 0.10/turn

%: no passive effects
@: very quick
A: very small, no large weapons, unfitting armour, see invisible, speed 3
a: no special abilities


You were on level 4 of the Dungeon.
You visited 1 branch of the dungeon, and saw 4 of its levels.

You collected 180 gold pieces.


Innate Abilities, Weirdness & Mutations

You are very small and have problems with some larger weapons.
You are too small for most types of armour.
You have supernaturally acute eyesight. (SInv)
You cover ground extremely quickly. (Speed+++)


   Skills:
 - Level 2.1 Fighting
 + Level 5.2 Ranged Weapons
 - Level 5.0 Dodging
 - Level 1.5 Stealth


You had 4 spell levels left.
You didn't know any spells.
Your spell library was empty.

Inventory:

Hand Weapons
 a - a +1 shortbow (weapon)
Armour
 c - a +0 robe (worn)
 j - a +0 cloak (worn)
Potions
 b - a potion of lignification {unknown}
 d - a potion of haste {unknown}
 e - a potion of ambrosia {unknown}
 f - a potion of resistance
 g - a potion of mutation {unknown}
 h - a potion of invisibility {unknown}
 i - a potion of magic {unknown}
 k - a potion of might {unknown}

Dungeon Overview and Level Annotations

Branches:
Dungeon (4/15)
 Temple: D:4-7

Altars:
Cheibriados

Annotations:
D:3 2 transporters
D:4 Pikel


Message History

You shoot an arrow.
The arrow hits Pikel but does no damage.
Pikel is lightly wounded.
Pikel barely misses you.
Pikel hits you with a +0 whip of electrocution.
You shoot an arrow. The arrow hits Pikel.
Pikel is moderately wounded.
Pikel closely misses you.
You shoot an arrow. The arrow hits Pikel.
Pikel is heavily wounded.
A hobgoblin comes into view.
Pikel hits you with a +0 whip of electrocution.
You shoot an arrow.
The arrow hits Pikel but does no damage.
Pikel is heavily wounded.
Pikel barely misses you.
You shoot an arrow. The arrow hits Pikel.
Pikel is heavily wounded.
Pikel closely misses you.
You shoot an arrow.
The arrow hits Pikel but does no damage.
Pikel is heavily wounded.
Pikel misses you.
You shoot an arrow. The arrow closely misses Pikel.
The arrow barely misses the lemure.
The arrow closely misses the lemure.
Pikel says, "You'll make a fine lemure."
Pikel hits you with a +0 whip of electrocution.
You shoot an arrow. The arrow hits Pikel.
Pikel is severely wounded.
Pikel misses you.
Pikel hits you with a +0 whip of electrocution.
You shoot an arrow. The arrow misses Pikel.
The arrow hits the lemure but does no damage.
The lemure is heavily wounded.
Pikel completely misses you.
You shoot an arrow. The arrow hits Pikel.
Pikel is severely wounded.
Pikel hits you with a +0 whip of electrocution!
You die...
Pikel says, "See you in Hell!"

. .) .# .#
..#
#.#####B..#
#...@K55.#
######5......
.#.##.. .# #
.. ##


You could see Pikel, 3 lemures and a bombardier beetle.

Vanquished Creatures
  A lemure (D:4)
  Jessica (D:2)
  Robin (D:2)
  3 adders
  A ribbon worm (D:2)
  4 dart slugs (D:2)
  5 orcs (D:3)
  7 ball pythons
  6 bats
  4 endoplasms
  14 goblins
  8 hobgoblins
  A quokka (D:2)
  4 frilled lizards
  4 kobolds
  5 rats
69 creatures vanquished.

Notes
Turn   | Place    | Note
-------+----------+-------------------------------------------
     0 | D:1      | qw the Spriggan Hunter began the quest for the Orb.
     0 | D:1      | Reached XP level 1. HP: 10/10 MP: 2/2
     0 | D:1      | 0 ||| qw: Version: 0.3-a-155-g5e7d8dd
     0 | D:1      | 0 ||| qw: Game counter: 1812
     0 | D:1      | 0 ||| qw: Melee chars always use a shield: true
     0 | D:1      | 0 ||| qw: God list: Okawaru
     0 | D:1      | 0 ||| qw: Allow faded altars: false
     0 | D:1      | 0 ||| qw: Do Orc after clearing Dungeon:15 true
     0 | D:1      | 0 ||| qw: Do second Lair branch before Depths: true
     0 | D:1      | 0 ||| qw: Lair rune preference: random
     0 | D:1      | 0 ||| qw: Goals: Normal
     0 | D:1      | 0 ||| PLANNING D:1-11
    44 | D:1      | Reached skill level 3 in Dodging
   137 | D:1      | Reached XP level 2. HP: 14/14 MP: 3/3
   594 | D:1      | 594 ||| READING 3 scrolls labelled BEOLAX SISU.
   594 | D:1      | 594 ||| IDENTIFYING bubbling green potion
   595 | D:1      | 595 ||| READING 2 scrolls of identify.
   595 | D:1      | 595 ||| IDENTIFYING blue potion
   596 | D:1      | 596 ||| READING scroll of identify.
   596 | D:1      | 596 ||| IDENTIFYING murky clear potion
   597 | D:1      | 597 ||| READING scroll labelled QOELUGROLI.
   597 | D:1      | 597 ||| ENCHANTING +0 shortbow.
   598 | D:1      | 598 ||| READING scroll labelled VABEPTA GEEHU.
   599 | D:1      | 599 ||| READING scroll labelled USURPH HASS.
   600 | D:1      | 600 ||| READING scroll labelled ULUGHE CEOPSIN.
   601 | D:1      | 601 ||| DROPPING scroll of butterflies.
   602 | D:1      | 602 ||| DROPPING potion of berserk rage.
   638 | D:2      | Noticed Jessica
   640 | D:2      | Killed Jessica
   641 | D:2      | Reached XP level 3. HP: 18/18 MP: 4/4
   823 | D:2      | Reached XP level 4. HP: 22/22 MP: 5/5
  1069 | D:2      | Found a faded altar of an unknown god.
  1082 | D:2      | Noticed Robin
  1095 | D:2      | HP: 4/22 [goblin/+0 club[Robin] (6)]
  1096 | D:2      | 1096 ||| DRINKING 2 potions of heal wounds.
  1106 | D:2      | HP: 5/22 [Robin/+0 spear (4)]
  1107 | D:2      | 1107 ||| DRINKING potion of heal wounds.
  1114 | D:2      | Killed Robin
  1201 | D:2      | 1201 ||| READING scroll labelled XEDIGH OSMA.
  1464 | D:3      | Found a transporter.
  1505 | D:3      | Noticed a black bear
  1508 | D:3      | Found a transporter.
  1513 | D:3      | Noticed a water moccasin
  1516 | D:3      | Found a snail-covered altar of Cheibriados.
  1578 | D:3      | Reached XP level 5. HP: 26/26 MP: 6/6
  1743 | D:3      | 1743 ||| UPGRADING to +0 cloak.
  1748 | D:3      | 1748 ||| READING scroll labelled AXZENT DUUTA.
  1861 | D:4      | Noticed a lemure
  1861 | D:4      | Noticed a lemure
  1862 | D:4      | 1862 ||| RETREEEEATING.
  1863 | D:4      | Noticed a lemure
  1864 | D:4      | Noticed Pikel
  1865 | D:4      | Noticed a lemure
  1878 | D:4      | Killed a lemure
  1886 | D:4      | HP: 4/26 [Pikel/+0 whip of electrocution (4)]
  1888 | D:4      | Slain by Pikel

Levels and vault maps discovered:
D:1:      minmay_arrival_four_circles, layout_loops_ring
D:2:      minmay_recursive_quarters, layout_rooms,
          chequers_ecumenical_altar_simple_redux, uniq_jessica, uniq_robin
D:3:      layout_basic, gammafunk_temple_overflow_arena, minivault_4
D:4:      layout_loops_ring, minmay_vboxes, uniq_pikel

Skill      XL: |  1  2  3  4 |
---------------+-------------+-----
Dodging        | 3 4 5 |  5.0
Ranged Weapons | 5 |  5.2
Fighting       | 2 |  2.1
Stealth        | |  1.5

Action                     |  1- 3 |  4- 6 || total
---------------------------+-------+-------++-------
   Fire: Shortbow          |    66 |   110 ||   176
    Use: Scroll            |     7 |     2 ||     9
         Potion            |       |     2 ||     2
 Armour: Robe              |     2 |    27 ||    29
  Dodge: Dodged            |    11 |    60 ||    71

Table legend:
 A = Non-vault XP
 B = Vault XP
 C = Vault XP percentage of total XP
 D = Non-vault monster count
 E = Vault monster count
 F = Vault count percentage of total count
                 A         B        C        D         E       F
            +---------+---------+-------+---------+---------+-------
      Total |     110 |     103 |  48.4 |      47 |      21 |  30.9
            +---------+---------+-------+---------+---------+-------
        D:1 |      24 |       0 |   0.0 |      15 |       0 |   0.0
        D:2 |      32 |     103 |  76.3 |      16 |      21 |  56.8
        D:3 |      54 |       0 |   0.0 |      16 |       0 |   0.0
            +---------+---------+-------+---------+---------+-------
